[Event "4th Chessfestival Gredine 2018"]
[Site "Ortisei"]
[Date "2018.06.23"]
[Round "8.9"]
[White "Curien, Nicolas"]
[Black "Hecht, Hans-Joachim"]
[Result "0-1"]
[ECO "B06"]
[WhiteElo "2204"]
[BlackElo "2327"]
[Annotator "NA"]
[PlyCount "80"]
[EventDate "2018.06.20"]
[EventType "swiss"]
[EventCountry "ITA"]
[SourceTitle "playchess.com"]
[Source "ChessBase"]
[SourceQuality "1"]
[TimeControl "40/5400+30:1800+30"]

1. d4 g6 2. e4 Bg7 3. Nc3 d6 4. Be3 a6 5. Qd2 Nd7 6. O-O-O b5 7. h4 Bb7 8. f3 c5 9. h5 cxd4 10. Bxd4 Bxd4 11. Qxd4 Ngf6 12. hxg6 fxg6 13. Nh3 Qb6 14. Qd2 Rc8 15. Nf4 Ne5 16. Kb1 b4 17. Ncd5 Bxd5 18. exd5 Rc5 19. Bd3 Rg8 20. Qf2 Qb7 21. Be4 a5 22. Rd4 Kd7 23. Ne6 Rc4 24. Rxc4 Nxc4 25. Qd4 Nb6 26. Nf4 Kc8 27. g4 g5 28. Ne6 Kb8 29. Bxh7 Rh8 30. Nxg5 Nbxd5 31. Re1 e5 32. Qd3 Nxh7 33. Rh1 Ndf6 34. Nxh7 Rxh7 35. Qxd6+ Qc7 36. Qf8+ Kb7 37. Rd1 Rh2 38. c3 bxc3 39. Rc1 c2+ 40. Ka1 Rh1 0-1

[Event "4th Chessfestival Gredine 2018"]
[Site "Ortisei"]
[Date "2018.06.23"]
[Round "8.10"]
[White "Fischer, Daniel"]
[Black "Wiesinger, Robert"]
[Result "1-0"]
[ECO "C54"]
[WhiteElo "2263"]
[BlackElo "2199"]
[Annotator "NA"]
[PlyCount "79"]
[EventDate "2018.06.20"]
[EventType "swiss"]
[EventCountry "ITA"]
[SourceTitle "playchess.com"]
[Source "ChessBase"]
[SourceQuality "1"]
[TimeControl "40/5400+30:1800+30"]

1. e4 e5 2. Nf3 Nc6 3. Bc4 Bc5 4. c3 Nf6 5. d3 a6 6. Bb3 d6 7. h3 O-O 8. Bg5 h6 9. Bh4 g5 10. Bg3 Nh5 11. Bh2 Qf6 12. Nbd2 Ba7 13. Qe2 Be6 14. O-O-O Nf4 15. Bxf4 gxf4 16. g4 Kh8 17. Rhg1 Rg8 18. Kb1 Bd7 19. Bc2 Rg7 20. Nb3 Be6 21. Ka1 b5 22. d4 Bc4 23. Qd2 a5 24. d5 Bxb3 25. Bxb3 Ne7 26. h4 Ng8 27. g5 Qg6 28. Bc2 Qh5 29. Qe2 hxg5 30. hxg5 Rh7 31. Rg2 Ne7 32. Rdg1 Qh3 33. Rh2 Qd7 34. Rxh7+ Kxh7 35. g6+ Nxg6 36. Ng5+ Kg7 37. Qh5 Rh8 38. Ne6+ fxe6 39. Qxg6+ Kf8 40. Qf6+ 1-0

[Event "4th Chessfestival Gredine 2018"]
[Site "Ortisei"]
[Date "2018.06.23"]
[Round "8.14"]
[White "Hoffmann, Sebastian"]
[Black "Borgo, Giulio"]
[Result "0-1"]
[ECO "C01"]
[WhiteElo "2105"]
[BlackElo "2397"]
[Annotator "NA"]
[PlyCount "88"]
[EventDate "2018.06.20"]
[EventType "swiss"]
[EventCountry "ITA"]
[SourceTitle "playchess.com"]
[Source "ChessBase"]
[SourceQuality "1"]
[TimeControl "40/5400+30:1800+30"]

1. e4 e6 2. d4 d5 3. Bd3 dxe4 4. Bxe4 Nf6 5. Bf3 c5 6. Ne2 Nc6 7. Be3 cxd4 8. Nxd4 Ne5 9. Nc3 a6 10. Qe2 Nxf3+ 11. Qxf3 e5 12. Nf5 Qd7 13. Ng3 Qg4 14. Qxg4 Bxg4 15. f3 Be6 16. O-O-O Rc8 17. Bg5 Nd7 18. Nge4 Rc6 19. Nd5 f5 20. Nec3 Kf7 21. g4 g6 22. gxf5 gxf5 23. Be3 Rg8 24. Rhg1 Rxg1 25. Bxg1 Bd6 26. Ne2 Nf6 27. Ndc3 b5 28. a3 Bc8 29. Kb1 Bc7 30. Kc1 Bb7 31. f4 e4 32. Nd4 Bxf4+ 33. Kb1 Rd6 34. Nxf5 Ng4 35. h3 Nf6 36. Rxd6 Bxd6 37. Nd1 Bf4 38. Be3 Bb8 39. Kc1 Bc8 40. Nh6+ Kg6 41. h4 Nd5 42. Bg5 Bf4+ 43. Kb1 e3 44. Nxe3 Bxe3 0-1

[Event "4th Chessfestival Gredine 2018"]
[Site "Ortisei"]
[Date "2018.06.23"]
[Round "8.15"]
[White "Lumachi, Gabriele"]
[Black "Herzog, Adolf"]
[Result "1/2-1/2"]
[ECO "C18"]
[WhiteElo "1989"]
[BlackElo "2344"]
[Annotator "NA"]
[PlyCount "93"]
[EventDate "2018.06.20"]
[EventType "swiss"]
[EventCountry "ITA"]
[SourceTitle "playchess.com"]
[Source "ChessBase"]
[SourceQuality "1"]
[TimeControl "40/5400+30:1800+30"]

1. e4 e6 2. d4 d5 3. Nc3 Bb4 4. e5 c5 5. a3 Bxc3+ 6. bxc3 Ne7 7. Qg4 O-O 8. Bd3 f5 9. exf6 Rxf6 10. Bg5 Rf7 11. Qh5 g6 12. Qd1 Qa5 13. Qd2 Nbc6 14. Nf3 Bd7 15. h4 c4 16. Be2 Nf5 17. Bf4 Nfxd4 18. cxd4 Rxf4 19. Rb1 Qxd2+ 20. Kxd2 Nxd4 21. Rxb7 c3+ 22. Kd1 Bc8 23. Rb4 Nxe2 24. Kxe2 Ba6+ 25. Ke3 Rxb4 26. axb4 Rb8 27. Rb1 Bc4 28. Kd4 Be2 29. Ne5 Rf8 30. Ke3 Bb5 31. g3 Ba4 32. f4 Rb8 33. Kd4 a5 34. Ra1 Rxb4+ 35. Kxc3 Kf8 36. Ra2 Ke7 37. Nd3 Re4 38. Kd2 Kd6 39. Nb2 Bb5 40. Rxa5 Kc6 41. Nd3 d4 42. Ra3 Kb6 43. Rb3 h6 44. c4 dxc3+ 45. Rxc3 Be8 46. Ne5 Re3 47. Kxe3 1/2-1/2

[Event "4th Chessfestival Gredine 2018"]
[Site "Ortisei"]
[Date "2018.06.23"]
[Round "8.16"]
[White "Dittmar, Peter"]
[Black "Moroder, Stefan"]
[Result "1/2-1/2"]
[ECO "B51"]
[WhiteElo "2252"]
[BlackElo "2183"]
[Annotator "NA"]
[PlyCount "57"]
[EventDate "2018.06.20"]
[EventType "swiss"]
[EventCountry "ITA"]
[SourceTitle "playchess.com"]
[Source "ChessBase"]
[SourceQuality "1"]
[TimeControl "40/5400+30:1800+30"]

1. e4 c5 2. Nf3 d6 3. Bb5+ Nd7 4. O-O a6 5. Bxd7+ Bxd7 6. d4 cxd4 7. Qxd4 e5 8. Qd3 Rc8 9. Rd1 h6 10. c4 Nf6 11. b3 b5 12. Nbd2 b4 13. a3 a5 14. axb4 axb4 15. Nf1 Be7 16. Be3 Bc6 17. Ng3 Ra8 18. Nd2 g6 19. f3 Kf8 20. Ndf1 Kg7 21. Qd2 Qb8 22. Rxa8 Bxa8 23. Ne2 Nd7 24. Nc1 Nc5 25. Qb2 Bc6 26. Bxc5 dxc5 27. Ne3 Bg5 28. Ng4 f6 29. Qf2 1/2-1/2

[Event "4th Chessfestival Gredine 2018"]
[Site "Ortisei"]
[Date "2018.06.23"]
[Round "8.18"]
[White "Movileanu, Daniela"]
[Black "Dev, Shah"]
[Result "1-0"]
[ECO "C55"]
[WhiteElo "2199"]
[BlackElo "1997"]
[Annotator "NA"]
[PlyCount "97"]
[EventDate "2018.06.20"]
[EventType "swiss"]
[EventCountry "ITA"]
[SourceTitle "playchess.com"]
[Source "ChessBase"]
[SourceQuality "1"]
[TimeControl "40/5400+30:1800+30"]

1. e4 e5 2. Nf3 Nc6 3. Bc4 Nf6 4. d3 Be7 5. O-O O-O 6. Re1 d6 7. a4 Na5 8. Ba2 c5 9. c3 Nc6 10. Na3 a6 11. Bd2 Be6 12. Bxe6 fxe6 13. Qe2 Qc7 14. Nc2 Rae8 15. d4 Nd7 16. b4 exd4 17. cxd4 cxd4 18. Ncxd4 Bf6 19. Rac1 Qb6 20. Nxc6 bxc6 21. a5 Qb7 22. Qc4 Nb8 23. e5 dxe5 24. Nxe5 Bxe5 25. Rxe5 Qf7 26. Re2 Rd8 27. Be3 Rd5 28. Bb6 Qd7 29. Ree1 Rff5 30. g3 Qf7 31. Re4 h6 32. Qe2 e5 33. Be3 Kh7 34. Rec4 g6 35. Kg2 Qd7 36. Rh4 g5 37. Re4 Rd3 38. Rc5 Rd5 39. Rc1 Rf6 40. h4 Qf5 41. Rg4 Rg6 42. hxg5 hxg5 43. Rh1+ Kg7 44. Rh5 Qd3 45. Qxd3 Rxd3 46. Rhxg5 Rxg5 47. Rxg5+ Kf6 48. Rg8 Nd7 49. Ra8 1-0

[Event "4th Chessfestival Gredine 2018"]
[Site "Ortisei"]
[Date "2018.06.23"]
[Round "8.20"]
[White "Podetti, Davide"]
[Black "Riebel, Werner"]
[Result "1-0"]
[ECO "B28"]
[WhiteElo "2186"]
[BlackElo "2113"]
[Annotator "NA"]
[PlyCount "41"]
[EventDate "2018.06.20"]
[EventType "swiss"]
[EventCountry "ITA"]
[SourceTitle "playchess.com"]
[Source "ChessBase"]
[SourceQuality "1"]
[TimeControl "40/5400+30:1800+30"]

1. e4 c5 2. Nf3 a6 3. d4 cxd4 4. Nxd4 Nf6 5. Nc3 e5 6. Nf3 Bb4 7. Bd2 d6 8. Bd3 Be6 9. O-O Nbd7 10. a3 Bxc3 11. Bxc3 Nc5 12. Re1 Qc7 13. Qd2 O-O 14. Bb4 h6 15. Qe3 b5 16. Nxe5 Nxd3 17. Nxd3 Qxc2 18. Rec1 Qa4 19. Bxd6 Rfe8 20. Bb4 Nd7 21. b3 1-0

[Event "4th Chessfestival Gredine 2018"]
[Site "Ortisei"]
[Date "2018.06.24"]
[Round "9.6"]
[White "Hecht, Hans Joachim"]
[Black "Sarkar, Justin"]
[Result "0-1"]
[ECO "D96"]
[WhiteElo "2327"]
[BlackElo "2297"]
[Annotator "ChessBase"]
[PlyCount "56"]
[EventDate "2018.06.16"]
[EventType "swiss"]
[EventCountry "ITA"]
[SourceTitle "playchess.com"]
[Source "ChessBase"]
[SourceQuality "1"]
[TimeControl "40/5400+30:1800+30"]

1. d4 Nf6 2. c4 g6 3. Nc3 d5 4. Nf3 Bg7 5. Qb3 dxc4 6. Qxc4 Be6 7. Qa4+ Bd7 8. Qc2 c5 9. d5 e6 10. e4 exd5 11. e5 Ng4 12. Nxd5 Nxe5 13. Nxe5 Bxe5 14. Bh6 Nc6 15. O-O-O Qh4 16. Qd2 O-O-O 17. Bg5 Qa4 18. Nc3 Bxc3 19. Qxc3 Bg4 20. Be2 Bxe2 21. Rxd8+ Rxd8 22. Bxd8 Qf4+ 23. Qd2 Qc4+ 24. Kb1 Bd3+ 25. Ka1 Nb4 26. b3 Qd4+ 27. Qb2 Nc2+ 28. Kb1 Kxd8 0-1

[Event "4th Chessfestival Gredine 2018"]
[Site "Ortisei"]
[Date "2018.06.24"]
[Round "9.9"]
[White "Tan, Justin"]
[Black "Zucchelli, Massimo"]
[Result "1-0"]
[ECO "D30"]
[WhiteElo "2281"]
[BlackElo "2089"]
[Annotator "ChessBase"]
[PlyCount "49"]
[EventDate "2018.06.16"]
[EventType "swiss"]
[EventCountry "ITA"]
[SourceTitle "playchess.com"]
[Source "ChessBase"]
[SourceQuality "1"]
[TimeControl "40/5400+30:1800+30"]

1. Nf3 d5 2. e3 Nf6 3. c4 c6 4. d4 e6 5. Bd3 Nbd7 6. O-O Bd6 7. Nc3 O-O 8. e4 dxe4 9. Nxe4 Nxe4 10. Bxe4 Nf6 11. Bc2 h6 12. b3 b6 13. Bb2 Bb7 14. Qd3 Re8 15. Rfe1 Qc7 16. c5 bxc5 17. dxc5 Bxc5 18. Bxf6 gxf6 19. Qh7+ Kf8 20. Nh4 Ke7 21. Rad1 Bxf2+ 22. Kxf2 Qf4+ 23. Kg1 Qxh4 24. Rxe6+ Kxe6 25. Qf5+ 1-0

[Event "4th Chessfestival Gredine 2018"]
[Site "Ortisei"]
[Date "2018.06.24"]
[Round "9.10"]
[White "Molina, Fabrizio"]
[Black "Borgo, Giulio"]
[Result "0-1"]
[ECO "D02"]
[WhiteElo "2212"]
[BlackElo "2397"]
[Annotator "NA"]
[PlyCount "86"]
[EventDate "2018.06.16"]
[EventType "swiss"]
[EventCountry "ITA"]
[SourceTitle "playchess.com"]
[Source "ChessBase"]
[SourceQuality "1"]
[TimeControl "40/5400+30:1800+30"]

1. d4 d5 2. Bf4 Nf6 3. e3 e6 4. Nd2 Bd6 5. Bg3 O-O 6. Ngf3 c5 7. c3 Qc7 8. Ne5 c4 9. f4 Nbd7 10. Bh4 Ne8 11. b3 b5 $15 ({Much worse is} 11... Bxe5 $6 12. fxe5 f6 13. exf6 $14) 12. Be2 Nb6 13. O-O f6 14. Ng4 Bd7 15. Qc2 a5 16. bxc4 bxc4 17. Bg3 Ba4 18. Qc1 Qe7 19. Rb1 Rb8 20. Qe1 Bc7 21. e4 f5 22. exf5 exf5 23. Ne5 Qa3 24. Qc1 Qxc1 25. Rfxc1 Nd6 26. Bh4 Rfe8 27. Bh5 g6 28. Bd1 Bxd1 29. Rxd1 Na4 30. Rxb8 Rxb8 31. Nd7 Nxc3 32. Re1 Rb2 33. Re7 Nce4 34. Nxe4 Rb1+ 35. Kf2 Nxe4+ 36. Ke3 Bd6 37. Re8+ Kf7 38. Rc8 Ke6 39. Ne5 Rb8 40. Rc6 a4 41. Ra6 a3 42. Nc6 Rc8 43. Be1 c3 0-1

[Event "4th Chessfestival Gredine 2018"]
[Site "Ortisei"]
[Date "2018.06.24"]
[Round "9.12"]
[White "Herzog, Adolf"]
[Black "Movileanu, Daniela"]
[Result "1-0"]
[ECO "D02"]
[WhiteElo "2344"]
[BlackElo "2199"]
[Annotator "ChessBase"]
[PlyCount "59"]
[EventDate "2018.06.16"]
[EventType "swiss"]
[EventCountry "ITA"]
[SourceTitle "playchess.com"]
[Source "ChessBase"]
[SourceQuality "1"]
[TimeControl "40/5400+30:1800+30"]

1. d4 Nf6 2. Nf3 g6 3. Bf4 Bg7 4. c3 O-O 5. Nbd2 d5 6. e3 c5 7. Bd3 Nc6 8. h3 b6 9. Ne5 Bb7 10. Nxc6 Bxc6 11. Be5 Re8 12. f4 Ne4 13. Bxe4 dxe4 14. Bxg7 Kxg7 15. O-O Rc8 16. f5 e5 17. f6+ Kh8 18. dxc5 bxc5 19. Nc4 Re6 20. Qg4 Qf8 21. Rad1 Rb8 22. b3 h6 23. Qxe6 fxe6 24. Nxe5 Qc8 25. f7 Qc7 26. f8=Q+ Rxf8 27. Rxf8+ Kg7 28. Rf7+ Qxf7 29. Nxf7 Kxf7 30. Rd6 1-0

[Event "4th Chessfestival Gredine 2018"]
[Site "Ortisei"]
[Date "2018.06.24"]
[Round "9.13"]
[White "Wiesinger, Robert"]
[Black "Volkov, Dmitriy"]
[Result "1/2-1/2"]
[ECO "B51"]
[WhiteElo "2199"]
[BlackElo "2334"]
[Annotator "ChessBase"]
[PlyCount "66"]
[EventDate "2018.06.16"]
[EventType "swiss"]
[EventCountry "ITA"]
[SourceTitle "playchess.com"]
[Source "ChessBase"]
[SourceQuality "1"]
[TimeControl "40/5400+30:1800+30"]

1. e4 c5 2. Nf3 Nc6 3. Bb5 d6 4. Bxc6+ bxc6 5. O-O e5 6. c3 f5 7. exf5 Be7 8. d4 e4 9. Nfd2 Nf6 10. f3 Bxf5 11. fxe4 Bg4 12. Qa4 O-O 13. e5 Nd5 14. dxc5 dxe5 15. Qxg4 Bxc5+ 16. Kh1 Ne3 17. Rxf8+ Qxf8 18. Qe2 Nc2 19. Nb3 Nxa1 20. Nxa1 Qf7 21. Nb3 Rf8 22. N1d2 Bb6 23. Nf3 Qf5 24. c4 e4 25. Ng1 Qf1 26. Qxf1 Rxf1 27. c5 Bxc5 28. Nxc5 Rxc1 29. Nxe4 Rc2 30. Nc3 Rxb2 31. Nge2 Kf7 32. Kg1 Ke6 33. Kf2 Ke5 1/2-1/2

[Event "4th Chessfestival Gredine 2018"]
[Site "Ortisei"]
[Date "2018.06.24"]
[Round "9.15"]
[White "Wecker, Martin"]
[Black "Dittmar, Peter"]
[Result "1-0"]
[ECO "D21"]
[WhiteElo "2143"]
[BlackElo "2252"]
[Annotator "ChessBase"]
[PlyCount "69"]
[EventDate "2018.06.16"]
[EventType "swiss"]
[EventCountry "ITA"]
[SourceTitle "playchess.com"]
[Source "ChessBase"]
[SourceQuality "1"]
[TimeControl "40/5400+30:1800+30"]

1. Nf3 d5 2. d4 c5 3. c4 dxc4 4. e3 cxd4 5. exd4 Be6 6. Nc3 Nf6 7. Ne5 Nbd7 8. Nxc4 Bxc4 9. Bxc4 e6 10. O-O Bd6 11. Qe2 O-O 12. Bg5 h6 13. Bh4 Rc8 14. Bb3 Be7 15. Bg3 Nb6 16. Rad1 Nbd5 17. Ne4 Nxe4 18. Qxe4 Qd7 19. Be5 Nf6 20. Qd3 Rfd8 21. Bc2 g6 22. Bb3 Nd5 23. Qh3 Bf8 24. Rfe1 Bg7 25. Qf3 Qc6 26. h4 Ne7 27. Qf4 Nd5 28. Qe4 a5 29. h5 g5 30. Rc1 Qd7 31. Bc2 f5 32. Qe2 Bxe5 33. Qxe5 Kf7 34. Ba4 Qd6 35. Qxd6 1-0

[Event "4th Chessfestival Gredine 2018"]
[Site "Ortisei"]
[Date "2018.06.24"]
[Round "9.16"]
[White "Lumachi, Gabriele"]
[Black "Curien, Nicolas"]
[Result "1/2-1/2"]
[ECO "C13"]
[WhiteElo "1989"]
[BlackElo "2204"]
[Annotator "ChessBase"]
[PlyCount "67"]
[EventDate "2018.06.16"]
[EventType "swiss"]
[EventCountry "ITA"]
[SourceTitle "playchess.com"]
[Source "ChessBase"]
[SourceQuality "1"]
[TimeControl "40/5400+30:1800+30"]

1. e4 e6 2. d4 d5 3. Nc3 Nf6 4. Bg5 dxe4 5. Nxe4 Be7 6. Bxf6 gxf6 7. Nf3 f5 8. Nc3 Qd6 9. Qe2 a6 10. g3 b5 11. Bg2 Bb7 12. O-O Nd7 13. Rad1 Nb6 14. Ne5 Bxg2 15. Kxg2 Bf6 16. f4 b4 17. Nb1 Bxe5 18. dxe5 Qc6+ 19. Kg1 Nd5 20. Rd3 h5 21. h4 Rg8 22. c3 Rb8 23. Kh2 Ke7 24. Rff3 Qb5 25. Rd2 Qxe2+ 26. Rxe2 b3 27. axb3 Rxb3 28. Na3 Nb6 29. Rd3 Na4 30. Nc4 Nc5 31. Rd4 Ne4 32. Rg2 Rb5 33. Na3 Rb6 34. Nc4 1/2-1/2

[Event "4th Chessfestival Gredine 2018"]
[Site "Ortisei"]
[Date "2018.06.24"]
[Round "9.18"]
[White "Jaracz, Barbara"]
[Black "Seyb, Dieter"]
[Result "1-0"]
[ECO "C03"]
[WhiteElo "2246"]
[BlackElo "2179"]
[Annotator "NA"]
[PlyCount "85"]
[EventDate "2018.06.16"]
[EventType "swiss"]
[EventCountry "ITA"]
[SourceTitle "playchess.com"]
[Source "ChessBase"]
[SourceQuality "1"]
[TimeControl "40/5400+30:1800+30"]

1. e4 e6 2. d4 d5 3. Nd2 h6 4. Bd3 c5 {[%emt 0:00:30] LiveBook: 56 Games} 5. c3 Nc6 6. exd5 Qxd5 7. Be4 Qd7 8. dxc5 Nf6 9. Bc2 Bxc5 10. Ngf3 b6 11. O-O Bb7 12. Qe2 Qc7 13. b4 $15 Be7 14. a3 O-O 15. c4 Rfd8 16. Bb2 Qf4 17. Rac1 Qg4 18. h3 Qh5 19. Rfe1 Bf8 20. Bxf6 gxf6 21. Ne4 Qg6 22. Red1 f5 23. Ng3 Bg7 24. Qe3 Bb2 25. Rb1 Bf6 26. Rxd8+ Rxd8 27. Rd1 Rxd1+ 28. Bxd1 h5 29. h4 Qg4 30. Qd3 Nd4 31. Nxd4 Qxd4 32. Qxd4 Bxd4 33. Bb3 a5 34. Kf1 Be4 35. Nxh5 Bb1 36. Ke2 axb4 37. axb4 e5 38. Ng3 e4 39. Nxf5 Kf8 40. Ba2 Bd3+ 41. Kd2 Bxf2 42. Bb3 Bf1 43. g4 1-0

[Event "4th Chessfestival Gredine 2018"]
[Site "Ortisei"]
[Date "2018.06.24"]
[Round "9.19"]
[White "Zenari, Marco"]
[Black "Landi, Alberto"]
[Result "0-1"]
[ECO "C14"]
[WhiteElo "2177"]
[BlackElo "2198"]
[Annotator "NA"]
[PlyCount "108"]
[EventDate "2018.06.16"]
[EventType "swiss"]
[EventCountry "ITA"]
[SourceTitle "playchess.com"]
[Source "ChessBase"]
[SourceQuality "1"]
[TimeControl "40/5400+30:1800+30"]

1. e4 e6 2. d4 d5 3. Nc3 Nf6 4. Bg5 Be7 5. e5 Nfd7 6. h4 h6 7. Bxe7 Qxe7 8. Qg4 O-O 9. Nf3 c5 10. dxc5 Nc6 11. Qg3 Nxc5 12. O-O-O a6 13. Bd3 f6 14. Rhe1 Bd7 15. Kb1 b5 16. exf6 Qxf6 17. Qd6 Qe7 18. Qxe7 Nxe7 19. Ne5 Be8 20. f3 Nd7 21. Rd2 Nxe5 22. Rxe5 Rf6 23. Bf1 Nc6 24. Re1 Bf7 25. Ne2 e5 26. Nc3 Rd8 27. Red1 Nd4 28. a4 b4 29. Ne2 Nf5 30. h5 Ne3 31. Re1 Nxf1 32. Rxf1 Bxh5 33. Ng3 Bg6 34. Re1 b3 35. Rxe5 bxc2+ 36. Kc1 d4 37. Ne4 Bxe4 38. Rxe4 d3 39. Re3 Rfd6 40. b4 Rd4 41. g3 Kf7 42. b5 axb5 43. axb5 h5 44. b6 R8d7 45. b7 Rxb7 46. Rexd3 Rxd3 47. Rxd3 Rc7 48. Ra3 Rc5 49. Ra2 Rc3 50. Rxc2 Rxf3 51. Rg2 Kg6 52. g4 h4 53. Kd1 Kg5 54. Ke2 Rf4 0-1

[Event "4th Chessfestival Gredine 2018"]
[Site "Ortisei"]
[Date "2018.06.24"]
[Round "9.20"]
[White "Johnsen, Gunnar"]
[Black "Hoffmann, Sebastian"]
[Result "1/2-1/2"]
[ECO "D13"]
[WhiteElo "2188"]
[BlackElo "2067"]
[Annotator "NA"]
[PlyCount "83"]
[EventDate "2018.06.16"]
[EventType "swiss"]
[EventCountry "ITA"]
[SourceTitle "playchess.com"]
[Source "ChessBase"]
[SourceQuality "1"]
[TimeControl "40/5400+30:1800+30"]

1. Nf3 Nf6 2. c4 c6 3. d4 d5 4. cxd5 cxd5 5. Nc3 Nc6 6. Bf4 Ne4 7. e3 Nxc3 8. bxc3 e6 9. Bd3 Bd6 10. Bxd6 Qxd6 11. O-O O-O 12. c4 dxc4 13. Bxc4 b6 14. Qe2 Bb7 15. Ba6 Qd7 16. Rfc1 Rac8 17. a4 $11 Bxa6 18. Qxa6 Rfd8 19. h3 h6 20. Qb5 Rc7 21. Ne1 Rdc8 22. Nd3 Kf8 23. Kf1 Ke8 24. Ke1 Na5 25. Rxc7 Rxc7 26. Rc1 Rxc1+ 27. Nxc1 Qxb5 28. axb5 Nc4 29. Na2 Kd7 30. Ke2 Kc7 31. Kd3 Nd6 32. Nc3 Kb7 33. e4 a6 34. bxa6+ Kxa6 35. e5 Ne8 36. d5 exd5 37. Nxd5 Kb5 38. Kd4 Kc6 39. Nb4+ Kb5 40. Nd5 Kc6 41. Nb4+ Kb5 42. Nd5 1/2-1/2